 Dungeon Crawl Stone Soup version 0.27-a0-1281-ge233d83751 (webtiles) character file.

Game seed: 5895977579167830425

98 Sweetruy1997 the Chopper (level 4, -3/40 HPs)
             Began as a Hill Orc Monk on May 26, 2021.
             Was a Believer of Beogh.
             Slain by Grinder (4 damage)
             ... on level 2 of the Dungeon on June 14, 2021.
             The game lasted 00:09:40 (3148 turns).

Sweetruy1997 the Chopper (Hill Orc Monk)            Turns: 3148, Time: 00:09:41

Health: -3/40      AC: 10    Str: 13    XL:     4   Next: 69%
Magic:  4/4        EV: 11    Int: 10    God:    Beogh [**....]
Gold:   117        SH:  0    Dex: 14    Spells: 3/3 levels left

rFire    . . .     SeeInvis .   f - +4 dagger (venom)
rCold    . . .     Faith    .   (no shield)
rNeg     . . .     Spirit   .   a - +0 ring mail
rPois    .         Reflect  .   (no helmet)
rElec    .         Harm     .   (no cloak)
rCorr    .         Rampage  .   g - +0 pair of gloves
Will     .....                  (no boots)
Stlth    +.........             (no amulet)
HPRegen  0.13/turn              (no ring)
MPRegen  0.09/turn              (no ring)

@: flying
A: iridescent scales 2
a: Renounce Religion, Smiting


You were on level 2 of the Dungeon.
You worshipped Beogh.
Beogh was pleased with you.
You visited 1 branch of the dungeon, and saw 3 of its levels.

You collected 117 gold pieces.

Inventory:

Hand Weapons
 f - a +4 dagger of venom (weapon)
Armour
 a - a +0 ring mail (worn)
 g - a +0 pair of gloves (worn)
 n - a +0 scale mail
Scrolls
 b - a scroll of identify
 c - a scroll of blinking
Potions
 e - a potion of heal wounds
 i - a potion of curing {unknown}
 j - a potion of attraction {unknown}
 k - a potion of haste {unknown}
 l - a potion of magic {unknown}


   Skills:
 - Level 4.0 Fighting
 + Level 1.1 Short Blades
 - Level 4.7 Axes
 + Level 2.2 Armour
 + Level 2.9 Dodging
 - Level 2.0 Stealth


You had 3 spell levels left.
You didn't know any spells.
Your spell library was empty.

Dungeon Overview and Level Annotations

Branches:
Dungeon (3/15)

Altars:

Annotations:
D:2 Grinder


Innate Abilities, Weirdness & Mutations

You are mostly covered in iridescent scales. (AC +4)


Message History

Level annotation: Grinder
There is a stone staircase leading up here.
Grinder grins, showing sharp teeth.
Grinder gestures at you. Pain shoots through your body!
You hit Grinder.
Grinder is lightly wounded.
Grinder gestures at you.
You suddenly lose the ability to move!
Grinder hits you but does no damage. Grinder hits you!
Grinder hits you but does no damage. Grinder hits you.
You writhe in agony.
Grinder hits you.
You writhe in agony.
You can move again.
It was a potion of flight.
You feel very buoyant.
You fly up into the air.
Grinder says, "My boss said I was rubbish.
His entrails said otherwise."
Grinder gestures at you. Pain shoots through your body!
* * * LOW HITPOINT WARNING * * *
There is a stone staircase leading up here.
Grinder hits you.
* * * LOW HITPOINT WARNING * * *
You writhe in agony.
* * * LOW HITPOINT WARNING * * *
You fly upwards.
There is a stone staircase leading down here.
Grinder gestures at you.
You suddenly lose the ability to move!
Grinder gestures at you. Pain shoots through your body!
* * * LOW HITPOINT WARNING * * *
Grinder hits you but does no damage.
You can move again.
You fail to use your ability.
Grinder hits you.
* * * LOW HITPOINT WARNING * * *
You writhe in agony.
You die...

......# #.....## #.##.#.# #.#
###########.#..# #.##.#.# #.####
.......# #..)[# #.##.#.# #.....
######.# ###).# #......# ####.#
#.# #..# ####...#####... #.#
####..#######...........
######.###<............#######...
...........##..#######.# ##..
######.......>.5@......# ### .##
################### ..## ...#
...# ...# ..## .## ##


You could see Grinder.

Vanquished Creatures
  3 adders
  2 dart slugs
  9 endoplasms
  3 giant cockroaches
  5 hobgoblins
  8 jackals
  4 ball pythons
  5 bats (D:1)
  2 frilled lizards (D:2)
  8 goblins
  7 kobolds
  4 rats
60 creatures vanquished.

Vanquished Creatures (others)
  A frilled lizard (D:3)
1 creature vanquished.

Grand Total: 61 creatures vanquished

Notes
Turn   | Place    | Note
-------+----------+-------------------------------------------
     0 | D:1      | Sweetruy1997 the Hill Orc Monk began the quest for the Orb.
     0 | D:1      | Reached XP level 1. HP: 19/19 MP: 1/1
     8 | D:1      | Upgraded the game from 0.27-a0-1193-g8631133539 to
                  | 0.27-a0-1281-ge233d83751
   329 | D:1      | Reached XP level 2. HP: 27/27 MP: 2/2
  1012 | D:1      | Reached XP level 3. HP: 30/33 MP: 3/3
  1530 | D:2      | Found a faded altar of an unknown god.
  1538 | D:2      | Reached skill level 1 in Armour
  1662 | D:2      | Reached XP level 4. HP: 40/40 MP: 4/4
  1707 | D:2      | You fall into a shaft and drop 1 floor!
  1709 | D:3      | Became a worshipper of Beogh the Brigand
  1709 | D:3      | Reached * piety under Beogh
  1709 | D:3      | Reached ** piety under Beogh
  1919 | D:2      | Reached skill level 1 in Short Blades
  2852 | D:3      | Noticed Grinder
  2874 | D:3      | Paralysed by Grinder for 5 turns
  2882 | D:3      | Gained mutation: Your body sometimes deteriorates upon
                  | taking damage. [potion of mutation]
  2882 | D:3      | Gained mutation: You are weak. (Str -2) [potion of
                  | mutation]
  2883 | D:3      | Lost mutation: Your body sometimes deteriorates upon taking
                  | damage. [potion of mutation]
  2883 | D:3      | Lost mutation: You are weak. (Str -2) [potion of mutation]
  2883 | D:3      | Gained mutation: You are partially covered in iridescent
                  | scales. (AC +2) [potion of mutation]
  2883 | D:3      | Gained mutation: You are mostly covered in iridescent
                  | scales. (AC +4) [potion of mutation]
  3131 | D:3      | Paralysed by Grinder for 5 turns
  3143 | D:2      | Paralysed by Grinder for 4 turns
  3145 | D:2      | HP: 1/40 [Grinder/nerve-wracking pain (2)]
  3148 | D:2      | Slain by Grinder

Illustrated notes

Levels and vault maps discovered:
D:1:      roderic_octagonal_star, layout_basic
D:2:      layout_loops_ring, ebering_ecumenical_altar_sacrificial,
          wander_ebering_terrifying_dragon_lair
D:3:      layout_loops_cross, uniq_grinder, uniq_robin

Skill      XL: |  1  2  3  4 |
---------------+-------------+-----
Fighting       | 4 |  4.0
Armour         | 1 2 |  2.2
Stealth        | 2 |  2.0
Short Blades   | 1 |  1.1
Axes           | |  4.7
Dodging        | |  2.9

Action                   |  1- 3 |  4- 6 || total
-------------------------+-------+-------++-------
Melee: Hand axe          |    63 |       ||    63
       Dagger            |    48 |    54 ||   102
Invok: Convert to Beogh  |       |     1 ||     1
  Use: Potion            |       |     5 ||     5
       Scroll            |       |     2 ||     2
 Stab: Sleeping          |     3 |     1 ||     4
Armor: Robe              |     2 |       ||     2
       Leather armour    |    28 |       ||    28
       Ring mail         |     3 |    20 ||    23
Dodge: Dodged            |    56 |    26 ||    82

Table legend: (Time is in decaauts)
 A = Elapsed time spent in this place.
 B = Non-inter-level travel time spent in this place.
 C = Inter-level travel time spent in this place.
 D = Time resting spent in this place.
 E = Time spent auto-exploring this place.
 F = Levels seen in this place.
 G = Mean time per level.
                   A        B        C        D        E       F      G
               +--------+--------+--------+--------+--------+-----+--------+
         Total |   3156 |   3113 |     43 |    765 |   1795 |   3 | 1052.0 |
       Dungeon |   3156 |   3113 |     43 |    765 |   1795 |   3 | 1052.0 |
               +--------+--------+--------+--------+--------+-----+--------+

Top non-repeatable levels by time:
     D:1: 1527 daAuts
     D:2: 1179 daAuts
     D:3: 449 daAuts
